 Dungeon Crawl Stone Soup version 0.31-a0-632-g766dd24fdf (webtiles) character file.

Game seed: 11681134701153736589

189 ytrimaz the Ducker (level 5, -2/37 HPs)
             Began as a Merfolk Shapeshifter on Aug 25, 2023.
             Slain by an ogre
             ... wielding a +0 giant club
              (30 damage)
             ... on level 4 of the Dungeon.
             The game lasted 00:03:12 (2892 turns).

ytrimaz the Ducker (Merfolk Shapeshifter)           Turns: 2892, Time: 00:03:13

Health: -2/37      AC:  2    Str: 15    XL:     5   Next: 68%
Magic:  14/14      EV: 15    Int:  8    God:
Gold:   169        SH:  0    Dex: 16    Spells: 4/4 levels left

rFire   . .          .
                       - Unarmed
rCold   . . .        (no shield)
rNeg    . . .        a - +0 animal skin
rPois   .            (helmet currently unavailable)
rElec   .            (cloak currently unavailable)
rCorr   .            (gloves currently unavailable)
SInv    .            (boots currently unavailable)
Will    .....        q - amulet of magic regeneration
Stlth   +            t - ring of magical power
HPRegen 0.26/turn    (no ring)
MPRegen 0.54/turn

%: no passive effects
@: beast-form
A: beast (slay +2), (nimble swimmer 2), mertail
a: Begin Untransformation


You were on level 4 of the Dungeon.
You were a hulking beast.
You visited 1 branch of the dungeon, and saw 4 of its levels.

You collected 169 gold pieces.


Innate Abilities, Weirdness & Mutations

You are a hulking beast.
Your limbs bulge with bestial killing power. (Slay +2)
((You are very nimble when in or above water. (Stealth+, EV+, Speed+++)))
Your lower body shifts to a powerful aquatic tail in water.


   Skills:
 - Level 1.1 Fighting
 + Level 7.1 Dodging
 + Level 3.6 Unarmed Combat
 - Level 4.2 Shapeshifting


You had 4 spell levels left.
You didn't know any spells.
Your spell library contained the following spells:

 Spells                   Type           Power      Damage    Failure   Level
 Ensorcelled Hibernation  Hex/Ice        0%         N/A       54%         2
 Passwall                 Tmut/Erth      0%         N/A       54%         2
 Scorch                   Fire           0%         2d5       54%         2
 Swiftness                Air            0%         N/A       78%         3
 Flame Wave               Conj/Fire      0%         2d4       99%         4
 Summon Cactus Giant      Summ           0%         N/A       100%        6

Inventory:

Armour
 a - a +0 animal skin (worn)
 b - a +0 pair of gloves
   (You found it on level 4 of the Dungeon)
 s - a +2 helmet
   (You found it on level 2 of the Dungeon)
Jewellery
 q - an amulet of magic regeneration (around neck)
   (You found it on level 2 of the Dungeon)
 t - a ring of magical power (left hand)
   (You found it on level 3 of the Dungeon)
Talismans
 c - a beast talisman (active)
 d - a flux talisman
Wands
 l - a wand of iceblast (6) (quivered)
   (You found it on level 2 of the Dungeon)
 r - a wand of flame (11)
   (You found it on level 2 of the Dungeon)
Scrolls
 e - 2 scrolls of enchant armour {unknown}
 i - 2 scrolls of brand weapon {unknown}
 m - 4 scrolls of fear {unknown}
 n - 2 scrolls of enchant weapon {unknown}
 p - a scroll of teleportation {unknown}
 u - a scroll of vulnerability {unknown}
 x - 2 scrolls of amnesia {unknown}
 y - a scroll of revelation {unknown}
Potions
 f - a potion of ambrosia {unknown}
 g - a potion of attraction {unknown}
 h - a potion of curing
 j - 3 potions of magic {unknown}
 k - a potion of brilliance {unknown}
 o - a potion of heal wounds {unknown}
 v - a potion of enlightenment {unknown}
 w - a potion of resistance {unknown}

Dungeon Overview and Level Annotations

Branches:
Dungeon (4/15) Zot: 21116
 Temple: D:4-7

Altars:

##.#####.#...<....#
.........######...#
(###.######......## .#
#.### #.#....## .#
#...# #.......# ##
###.# #.#.#.#.# #.#
#.......# #
#.####.#.#.#.#####..
#.#........hO.......
#......#.#.#.....^..
#...........†.......
.....######...######..
###.## #†..# #.# #...#
#.# #...# ..# #...#
### #...#


You could see an ogre.


Message History

Unknown command.
You hit Natasha but do no damage. The cerulean imp closely misses you.
Natasha casts a spell.
Unknown command.
Your transformation has ended.
You turn into a tree.
Your +0 animal skin melds into your body.
Your roots penetrate the ground.
The cerulean imp hits you but does no damage.
Natasha zaps a wand.
The puff of flame hits you but does no damage.
The cerulean imp hits you but does no damage. 😨 HP[+9]
You now have 55 max hp (+18).
You regained 9 hp, and now have 24/55 hp.
You hit Natasha but do no damage.
Natasha zaps a wand.
The puff of flame hits you.
* * * LOW HITPOINT WARNING * * *
The cerulean imp hits you but does no damage. x2
Natasha zaps a wand.
The puff of flame hits you but does no damage.
The cerulean imp hits you but does no damage. 😨 HP[-5]
You take 5 damage, and now have 19/55 hp.
You barely miss Natasha.
The cerulean imp hits you but does no damage.
Natasha zaps a wand.
The puff of flame hits you but does no damage.
The cerulean imp hits you but does no damage. x2
You hit Natasha.
Natasha zaps a wand.
The puff of flame hits you but does no damage.
The cerulean imp hits you but does no damage. x2
Natasha barely misses you. 😨 HP[+1]
You smack Natasha!
You kill Natasha!
Natasha screams in pain as she dies!
The cerulean imp disappears in a puff of smoke! x2
Your Dodging skill increases to level 7!
Unknown command.
You cannot move.
You cannot move.
Unknown command.
You hear the hiss of a distant avalanche of sand.
An adder comes into view. 😨 HP[+2]
You regained 2 hp, and now have 22/55 hp.
An adder is nearby!
An adder is nearby!
Unknown command.
An adder is nearby!
Unknown command.
An adder is nearby!
You cannot move.
Unknown command.
You cannot move. 😨 HP[+1]
The adder hisses angrily.
The adder bites you but does no damage. x2 😨 HP[+1]
You feel yourself speed up. The adder bites you but does no damage.
You smack the adder!
You kill the adder!
Unknown command.
You cannot move.
Unknown command.
You cannot move.
Your transformation is almost over.
You feel less wooden.
Your +0 animal skin unmelds from your body.
You turn into a hulking beast. 😮 HP[-4]
You now have 37 max hp (-18).
You hear the brisk hiss of a distant avalanche of sand.
An ogre comes into view.
It is wielding a +0 giant club. 😮 HP[+7]
You regained 7 hp, and now have 27/37 hp.
An ogre is nearby!
Things that are here:
an adder corpse; the felid corpse of Natasha Unknown command.
You see here a scroll labelled PAJ PULE ARIW.
i - 2 scrolls labelled PAJ PULE ARIW (gained 1)
The ogre shouts!
You see here a +0 pair of gloves. 😕 HP[+1]
b - a +0 pair of gloves
Aiming: Iceblast
Press: ? - help, Q - select action, (/) - cycle Shift-Dir - straight line The mass of ice explodes!
The iceblast engulfs the ogre!
The ogre barely misses you.
Aiming: Iceblast
Press: ? - help, Q - select action, (/) - cycle Shift-Dir - straight line The mass of ice explodes!
The iceblast engulfs the ogre!
The ogre hits you with a +0 giant club!!
Ouch! That really hurt!
You die...

Skill      XL: |  1  2  3  4  5 |
---------------+----------------+-----
Dodging        | 3 4 5 6 7 |  7.1
Fighting       | |  1.1
Unarmed Combat | |  3.6
Shapeshifting  | |  4.2

Action                     |  1- 3 |  4- 6 || total
---------------------------+-------+-------++-------
  Melee: Unarmed           |    96 |    92 ||   188
         Punch             |     3 |     3 ||     6
  Evoke: Wand              |       |     2 ||     2
    Use: Potion            |       |     2 ||     2
   Stab: Sleeping          |     3 |       ||     3
 Armour: Animal skin       |    12 |    11 ||    23
         Skin              |       |    17 ||    17
  Dodge: Dodged            |    51 |    65 ||   116

Levels and vault maps discovered:
D:1:      dpeg_arrival_castle, layout_loops_ring,
          chequers_ecumenical_altar_simple_redux
D:2:      layout_basic, minmay_between
D:3:      layout_loops_ring
D:4:      layout_loops_cross, ebering_ghost_rock_garden, serial_glass,
          glass_columns_a, glass_columns_b, enter_ossuary_4, uniq_pikel,
          uniq_natasha

Notes
Turn   | Place    | Note
-------+----------+-------------------------------------------
     0 | D:1      | ytrimaz the Merfolk Shapeshifter began the quest for the
                  | Orb.
     0 | D:1      | Reached XP level 1. HP: 15/15 MP: 1/1
     0 | D:1      | magus.rc [v1.9.6]
   167 | D:1      | Reached skill level 3 in Dodging
   213 | D:1      | Reached XP level 2. HP: 20/21 MP: 2/2
   467 | D:1      | You pick up a book of Burglary and begin reading...
   467 | D:1      | You add the spells Passwall, Ensorcelled Hibernation and
                  | Swiftness to your library.
   528 | D:1      | Found a faded altar of an unknown god.
   756 | D:2      | Reached skill level 4 in Dodging
   830 | D:2      | Reached XP level 3. HP: 24/26 MP: 3/3
   855 | D:2      | HP: 2/26 [worm (8)]
  1044 | D:2      | Reached skill level 5 in Dodging
  1287 | D:2      | You pick up a book of Scorching and begin reading...
  1287 | D:2      | You add the spells Scorch, Flame Wave and Summon Cactus
                  | Giant to your library.
  1305 | D:2      | Reached XP level 4. HP: 22/32 MP: 4/4
  1893 | D:3      | Reached skill level 6 in Dodging
  1910 | D:3      | Reached XP level 5. HP: 11/37 MP: 5/5
  2820 | D:4      | Noticed Natasha
  2831 | D:4      | Killed Natasha
  2832 | D:4      | Reached skill level 7 in Dodging
  2885 | D:4      | Noticed an ogre
  2892 | D:4      | Slain by an ogre

Vanquished Creatures
  Natasha (D:4)
  An orc wizard (D:3)
  6 adders
  2 ufetubi (D:4)
  3 worms (D:2)
  2 dart slugs
  4 orcs
  5 endoplasms
  3 giant cockroaches
  5 goblins
  4 hobgoblins
  4 jackals (D:3)
  2 quokkas
  3 ball pythons
  5 bats
  2 frilled lizards
  6 kobolds
  4 rats
62 creatures vanquished.

Table legend:
 A = Non-vault XP
 B = Vault XP
 C = Vault XP percentage of total XP
 D = Non-vault monster count
 E = Vault monster count
 F = Vault count percentage of total count
                 A         B        C        D         E       F
            +---------+---------+-------+---------+---------+-------
      Total |     227 |      43 |  15.9 |      56 |       6 |   9.7
            +---------+---------+-------+---------+---------+-------
        D:1 |      25 |       0 |   0.0 |      14 |       0 |   0.0
        D:2 |      69 |       8 |  10.4 |      15 |       5 |  25.0
        D:3 |      99 |       0 |   0.0 |      22 |       0 |   0.0
        D:4 |      34 |      35 |  50.7 |       5 |       1 |  16.7
            +---------+---------+-------+---------+---------+-------

Skill      XL: |  1  2  3  4  5 |
---------------+----------------+-----
Dodging        | 3 4 5 6 7 |  7.1
Fighting       | |  1.1
Unarmed Combat | |  3.6
Shapeshifting  | |  4.2

Action                     |  1- 3 |  4- 6 || total
---------------------------+-------+-------++-------
  Melee: Unarmed           |    96 |    92 ||   188
         Punch             |     3 |     3 ||     6
  Evoke: Wand              |       |     2 ||     2
    Use: Potion            |       |     2 ||     2
   Stab: Sleeping          |     3 |       ||     3
 Armour: Animal skin       |    12 |    11 ||    23
         Skin              |       |    17 ||    17
  Dodge: Dodged            |    51 |    65 ||   116

Illustrated notes

Table legend:
 A = Kills in this place as a percentage of kills in the entire game.
 B = Kills by you in this place as a percentage of kills by you in the entire game.
 C = Kills by friends in this place as a percentage of kills by friends in the entire game.
 D = Other kills in this place as a percentage of other kills in the entire game.
 E = Experience gained in this place as a percentage of experience gained in the entire game.
 F = Experience gained in this place divided by the number of levels of this place that you have seen.
                   A       B       C       D       E      F
               +-------+-------+-------+-------+-------+----------------------
         Total | 100.0 | 100.0 |   N/A |   N/A | 100.0 |  67.5
       Dungeon | 100.0 | 100.0 |   N/A |   N/A | 100.0 |  67.5
               +-------+-------+-------+-------+-------+----------------------

Table legend: (Time is in decaauts)
 A = Elapsed time spent in this place.
 B = Non-inter-level travel time spent in this place.
 C = Inter-level travel time spent in this place.
 D = Time resting spent in this place.
 E = Time spent auto-exploring this place.
 F = Levels seen in this place.
 G = Mean time per level.
                   A        B        C        D        E       F      G
               +--------+--------+--------+--------+--------+-----+--------+
         Total |   2882 |   2840 |     42 |     70 |   2270 |   4 |  720.5 |
       Dungeon |   2882 |   2840 |     42 |     70 |   2270 |   4 |  720.5 |
               +--------+--------+--------+--------+--------+-----+--------+

Top non-repeatable levels by time:
     D:2: 1157 daAuts
     D:3: 810 daAuts
     D:1: 654 daAuts
     D:4: 261 daAuts
